 Dungeon Crawl Stone Soup version 0.19.0-22-gd96e5fe (webtiles) character file.

1755 dobroeutro the Covert (level 8, -1/36 HPs)
             Began as a Spriggan Enchanter on Nov 18, 2016.
             Was a Follower of Dithmenos.
             Slain by Grinder (4 damage)
             ... while paralysed by Grinder
             ... on level 5 of the Dungeon.
             The game lasted 00:15:14 (5930 turns).

dobroeutro the Covert (Spriggan Enchanter)          Turns: 5930, Time: 00:15:15

Health: -1/36      AC:  3    Str:  5    XL:     8   Next: 78%
Magic:  3/17       EV:  4    Int: 17    God:    Dithmenos [*.....]
Gold:   187        SH:  0    Dex: 17    Spells: 3 memorised, 12 levels left

rFire  . . .     SeeInvis +     i - +2 dagger (protect)
rCold  . . .     Gourm    .     b - +1 robe
rNeg   . . .     Faith    .     (shield restricted)
rPois  .         Spirit   .     (helmet restricted)
rElec  .         Reflect  .     (no cloak)
rCorr  .         Harm     .     (gloves unavailable)
MR     +....                    (boots unavailable)
Stlth  +++++.....               (no amulet)
                                (no ring)
                                h - +1 ring of evasion

@: paralysed, wreathed by umbra, very quick
A: unfitting armour, see invisible, herbivore 3, speed 3, slow metabolism 2
a: Renounce Religion


You were on level 5 of the Dungeon.
You worshipped Dithmenos.
Dithmenos was aware of your devotion.
You were not hungry.

You visited 2 branches of the dungeon, and saw 6 of its levels.

You collected 229 gold pieces.
You spent 42 gold pieces at shops.

Inventory:

Hand Weapons
 i - a +2 dagger of protection (weapon)
 B - a +0 rapier
Armour
 b - a +1 robe (worn)
Jewellery
 h - a +1 ring of evasion (left hand)
Wands
 r - a wand of digging (6/24)
 y - a wand of lightning (15/15)
 A - a wand of confusion (31/48)
Scrolls
 e - a scroll of remove curse
 g - a scroll of fog
 k - 7 scrolls of identify
 q - 2 scrolls of magic mapping
Potions
 f - 4 potions of curing
 j - 3 potions of flight {unknown}
 l - a potion of might {unknown}
 m - 2 potions of agility {unknown}
 n - 3 potions of beneficial mutation {unknown}
 o - a potion of haste {unknown}
 p - a potion of lignification {unknown}
 t - a potion of heal wounds {unknown}
 u - a potion of berserk rage {unknown}
 z - a potion of brilliance {unknown}
Books
 c - a book of Maledictions

   Spells                             Type                      Level
   a - Corona                         Hexes                        1
   b - Ensorcelled Hibernation        Hexes/Ice                    2
   c - Confuse                        Hexes                        3
   d - Tukima's Dance                 Hexes                        3
   e - Dazzling Spray                 Conjuration/Hexes            3
Comestibles
 a - 3 fruits
 d - 5 bread rations
 w - a slice of pizza


   Skills:
 * Level 7.0 Short Blades
 - Level 4.0 Dodging
 * Level 11.0 Stealth
 + Level 5.7 Spellcasting
 + Level 6.7 Hexes


You had 12 spell levels left.
You knew the following spells:

 Your Spells              Type           Power        Failure   Level  Hunger
a - Corona                Hex            ####...      1%          1    None
b - Confuse               Hex            ####....     2%          3    ##.....
c - Ensorcelled Hibernat  Hex/Ice        ###...       6%          2    #......


Dungeon Overview and Level Annotations

Branches:
Dungeon (5/15)             Temple (1/1) D:4

Altars:
Ashenzari
Cheibriados
Dithmenos
Fedhas
Gozag
Kikubaaqudgha
Makhleb
Nemelex Xobeh
Okawaru
Qazlal
Ru
Sif Muna
Trog
Xom
Yredelemnul
Zin
The Shining One

Shops:
D:5 ?

Annotations:
D:5 Grinder


Innate Abilities, Weirdness & Mutations

You are very small and have problems with some larger weapons.
You are too small for most types of armour.
You have supernaturally acute eyesight. (SInv)
You are a herbivore.
You cover ground extremely quickly.
You need consume almost no food.


Message History

Grinder says, "FISH!"
Grinder misses you.
You hit Grinder but do no damage.
Grinder is moderately wounded.
Grinder hits you but does no damage.
You hit Grinder but do no damage.
Grinder is moderately wounded.
You hit Grinder.
Grinder is moderately wounded.
Grinder gestures at you.
You suddenly lose the ability to move!
Grinder hits you.
You writhe in agony.
Grinder hits you but does no damage. Grinder hits you.
You writhe in agony.
Grinder stops glowing.
Grinder hits you but does no damage.
Grinder says, "DUCK!"
Grinder hits you!
* * * LOW HITPOINT WARNING * * *
You writhe in agony.
You die...

######### ........#
##########
.)......#######...%....#
.).....................#
)[......#######.@......#
........# #...5..#####
........# ##.######
........####..#
#.#.#####....## #.#.##
#.#### #.#..# ##.#
..##.###..# .##......##


You could see Grinder.

Vanquished Creatures
  Pikel (D:4)
  Sigmund (D:3)
  The ghost of Enish the Chopper, an amateur VSWr (D:4)
  Eustachio (D:4)
  An ice beast (D:5)
  An ogre (D:4)
  Blork the orc (D:5)
  A scorpion (D:5)
  2 howler monkeys
  3 hounds
  2 orc priests (D:3)
  A jelly (D:5)
  Ijyb (D:3)
  A worker ant (D:4)
  Robin (D:4)
  3 gnolls
  10 adders
  An ooze (D:5)
  3 worms (D:3)
  5 leopard geckos
  12 orcs
  2 bat zombies (D:2)
  A giant cockroach (D:4)
  19 goblins
  15 hobgoblins
  5 jackals (D:3)
  A quokka (D:4)
  A ball python (D:2)
  4 bats
  2 frilled lizards
  A giant cockroach zombie (D:5)
  10 kobolds
  6 rats
  A rat zombie (D:2)
121 creatures vanquished.

Vanquished Creatures (collateral kills)
  A gnoll (D:2)
1 creature vanquished.

Grand Total: 122 creatures vanquished

Notes
Turn   | Place    | Note
-------+----------+-------------------------------------------
     0 | D:1      | dobroeutro the Spriggan Enchanter began the quest for the Orb.
     0 | D:1      | Reached XP level 1. HP: 9/9 MP: 5/5
   359 | D:1      | Reached XP level 2. HP: 13/13 MP: 6/6
   748 | D:2      | Found an iron altar of Okawaru.
   858 | D:2      | Reached skill level 5 in Stealth
  1035 | D:2      | Found an ancient bone altar of Kikubaaqudgha.
  1180 | D:2      | Reached XP level 3. HP: 8/16 MP: 8/8
  1528 | D:2      | Learned a level 3 spell: Confuse
  2214 | D:1      | Reached XP level 4. HP: 6/21 MP: 2/9
  2550 | D:2      | Reached skill level 6 in Stealth
  2980 | D:3      | Found a shimmering altar of Xom.
  2986 | D:3      | Found a faded altar of an unknown god.
  2988 | D:3      | Noticed Sigmund
  3003 | D:3      | Killed Sigmund
  3003 | D:3      | Reached skill level 7 in Stealth
  3003 | D:3      | Reached XP level 5. HP: 21/24 MP: 5/11
  3003 | D:3      | Reached XP level 6. HP: 25/28 MP: 5/12
  3415 | D:3      | Learned a level 2 spell: Ensorcelled Hibernation
  3432 | D:3      | Reached skill level 5 in Hexes
  3644 | D:3      | Noticed Ijyb
  3658 | D:3      | Killed Ijyb
  3849 | D:4      | Found a staircase to the Ecumenical Temple.
  3855 | D:4      | Reached skill level 8 in Stealth
  3857 | D:4      | Noticed a slave
  3865 | Temple   | Entered the Ecumenical Temple
  3942 | Temple   | Became a worshipper of Dithmenos the Shadowed
  3970 | D:4      | Noticed Robin
  4321 | D:4      | Killed Robin
  4337 | D:4      | Found a blossoming altar of Fedhas.
  4405 | D:4      | Reached XP level 7. HP: 30/32 MP: 14/14
  4461 | D:4      | Noticed Eustachio
  4471 | D:4      | Noticed Enish's ghost (amateur VSWr)
  4476 | D:4      | Killed Eustachio
  4616 | D:4      | Killed Enish's ghost
  4616 | D:4      | Reached skill level 5 in Short Blades
  4616 | D:4      | Reached skill level 9 in Stealth
  4927 | D:4      | Found a blossoming altar of Fedhas.
  4928 | D:4      | Found a sacrificial altar of Ru.
  4999 | D:4      | Noticed Pikel
  5192 | D:4      | Killed Pikel
  5192 | D:4      | Reached skill level 10 in Stealth
  5192 | D:4      | Reached skill level 5 in Spellcasting
  5192 | D:4      | Reached XP level 8. HP: 36/36 MP: 9/17
  5204 | D:4      | Found a sparkling altar of Nemelex Xobeh.
  5263 | D:5      | Entered Level 5 of the Dungeon
  5535 | D:5      | Found Unga's Magic Scroll Boutique.
  5539 | D:5      | Bought a scroll of magic mapping for 42 gold pieces
  5612 | D:5      | Found a shattered altar of Ashenzari.
  5748 | D:5      | Noticed Blork the orc
  5752 | D:5      | Reached * piety under Dithmenos
  5756 | D:5      | Killed Blork the orc
  5809 | D:5      | Reached skill level 11 in Stealth
  5810 | D:5      | Found a glowing golden altar of the Shining One.
  5874 | D:5      | Noticed Grinder
  5925 | D:5      | Paralysed by Grinder for 5 turns
  5930 | D:5      | Slain by Grinder

Skill      XL: |  1  2  3  4  5  6  7  8 |
---------------+-------------------------+-----
Stealth        | 5 7 8 10 11 | 11.0
Spellcasting   | 3 4 5 |  5.7
Hexes          | 4 5 6 |  6.7
Short Blades   | 3 4 6 7 |  7.0
Dodging        | 4 |  4.0

Action                   |  1- 3 |  4- 6 |  7- 9 || total
-------------------------+-------+-------+-------++-------
Melee: Dagger            |   238 |   404 |   199 ||   841
 Cast: Corona            |    12 |     2 |     4 ||    18
       Confuse           |     5 |     7 |     9 ||    21
       Ensorcelled Hiber |       |     6 |    15 ||    21
  Use: Scroll            |       |       |     7 ||     7
 Stab: Sleeping          |     4 |    15 |    12 ||    31
       Confused          |     1 |     5 |     2 ||     8
       Distracted        |       |     3 |       ||     3
  Eat: Royal jelly       |       |     1 |       ||     1
       Bread ration      |       |       |     1 ||     1
Armor: Robe              |    36 |    73 |    30 ||   139
Dodge: Dodged            |   215 |   307 |   149 ||   671
